 Dungeon Crawl Stone Soup version 0.30-a0-414-gcb316572d5 (webtiles) character file.

Game seed: 1325968318376611547

257 Juicyj the Poker (level 5, -2/47 HPs)
             Began as a Minotaur Fighter on Dec 7, 2022.
             Slain by Duvessa
             ... wielding a +0 rapier
              (14 damage)
             ... on level 4 of the Dungeon.
             The game lasted 00:05:20 (2511 turns).

Juicyj the Poker (Minotaur Fighter)                 Turns: 2511, Time: 00:05:20

Health: -2/47      AC: 11    Str: 21    XL:     5   Next: 93%
Magic:  4/4        EV:  9    Int:  5    God:
Gold:   204        SH: 10    Dex: 11    Spells: 4/4 levels left

rFire   . . .      SeeInvis .    a - +0 trident
rCold   + . .      Faith    .    c - +0 buckler
rNeg    . . .      Spirit   .    b - +0 scale mail
rPois   .          Reflect  +    (helmet restricted)
rElec   .          Harm     .    (no cloak)
rCorr   .          Rampage  .    (no gloves)
Will    .....                    (no boots)
Stlth   ..........               o - amulet of reflection
HPRegen 0.27/turn                g - ring of protection from cold
MPRegen 0.09/turn                k - +4 ring of protection

@: mighty, lethally poisoned (-2 -> -3)
A: horns 2, retaliatory headbutt
a: no special abilities


You were on level 4 of the Dungeon.
You visited 1 branch of the dungeon, and saw 4 of its levels.

You collected 204 gold pieces.

Inventory:

Hand Weapons
 a - a +0 trident (weapon)
Armour
 b - a +0 scale mail (worn)
 c - a +0 buckler (worn)
 h - a scarf of invisibility
 i - an orb of wrath
Jewellery
 g - a ring of protection from cold (left hand)
 k - a +4 ring of protection (right hand)
 o - an amulet of reflection (around neck)
Wands
 p - a wand of flame (26)
Scrolls
 e - 2 scrolls of magic mapping
 j - a scroll of immolation
 l - a scroll of teleportation
 q - a scroll of identify
 r - a scroll of enchant weapon {unknown}
 s - a scroll of vulnerability {unknown}
Potions
 f - 2 potions of brilliance {unknown}
 m - 2 potions of magic
 n - 3 potions of curing
 t - a potion of attraction {unknown}


   Skills:
 + Level 4.9 Fighting
 + Level 5.1 Polearms
 + Level 5.0 Armour
 + Level 0.5 Dodging
 + Level 4.4 Shields


You had 4 spell levels left.
You didn't know any spells.
Your spell library was empty.

Dungeon Overview and Level Annotations

Branches:
Dungeon (4/15)             Temple (0/1) D:4

Altars:
Cheibriados
Trog

Shops:
D:3 (*

Annotations:
D:4 Duvessa


Innate Abilities, Weirdness & Mutations

You have a pair of horns on your head.
You reflexively headbutt those who attack you in melee.


Message History

You are too injured to fight recklessly!
You are too injured to fight recklessly!
You are too injured to fight recklessly!
You are too injured to fight recklessly!
You are too injured to fight recklessly!
You are too injured to fight recklessly!
You are too injured to fight recklessly!
You are too injured to fight recklessly!
You are too injured to fight recklessly!
You are too injured to fight recklessly!
Dowan attacks as you move away! You block Dowan's attack.
You feel sick.
You feel very mighty all of a sudden.
You feel sick.
Dowan smirks and points a slender finger.
Dowan hits you but does no damage.
You are lethally poisoned!
The iguana bites you but does no damage.
You feel better. Dowan hits you but does no damage.
You are poisoned.
The iguana bites you but does no damage.
Duvessa hits you with a +0 rapier. The iguana attacks as you move away!
The iguana bites you but does no damage.
You feel sick. Duvessa attacks as you move away! You block Duvessa's attack.
You feel sick.
You closely miss Dowan. You headbutt Dowan!
Dowan is heavily wounded.
You feel sick. Dowan gestures at you while chanting.
The puff of frost hits you. You resist.
* * * LOW HITPOINT WARNING * * *
You puncture Dowan!
You kill Dowan!
Duvessa weeps, and shakes her weapon.
Duvessa goes berserk!
You feel sick.
Your Polearms skill increases to level 5!
You hit Duvessa. You headbutt Duvessa!
Duvessa is moderately wounded.
You feel sick. You block Duvessa's attack. Duvessa hits you with a +0 rapier!
You die...

##...........
#.$$.........
#............ ..
#............ #.
#........... #.
#.(........ .
###l....... #
#e#...... ##
#@####... #. #.##
## #. ##.# #. #.#
#. #.## ##.
#..#### #..
#....<##### #..
#.###.....#####..
#.##
#####........


You could see Duvessa (berserk) and an iguana.

Vanquished Creatures
  An ogre (D:4)
  Dowan (D:4)
  6 adders
  A worm (D:3)
  2 dart slugs
  15 ball pythons
  6 bats
  4 endoplasms
  7 goblins
  9 hobgoblins
  2 jackals (D:2)
  3 quokkas
  5 frilled lizards
  2 kobolds (D:2)
  5 rats
69 creatures vanquished.

Vanquished Creatures (others)
  6 fungi (D:2)
6 creatures vanquished.

Grand Total: 75 creatures vanquished

Notes
Turn   | Place    | Note
-------+----------+-------------------------------------------
     0 | D:1      | Juicyj the Minotaur Fighter began the quest for the Orb.
     0 | D:1      | Reached XP level 1. HP: 19/19 MP: 0/0
   123 | D:1      | Reached XP level 2. HP: 27/27 MP: 1/1
   362 | D:1      | Found a faded altar of an unknown god.
   617 | D:2      | Reached XP level 3. HP: 34/34 MP: 2/2
   979 | D:2      | Reached XP level 4. HP: 41/41 MP: 3/3
  1497 | D:3      | Found Cuerat's Antique Weapon Emporium.
  1519 | D:3      | Found Atrimin's Assorted Antiques.
  1828 | D:3      | Found a bloodstained altar of Trog.
  1948 | D:3      | Found a snail-covered altar of Cheibriados.
  2203 | D:4      | Found a staircase to the Ecumenical Temple.
  2328 | D:4      | Noticed an ogre
  2338 | D:4      | Killed an ogre
  2339 | D:4      | Reached skill level 5 in Armour
  2339 | D:4      | Reached XP level 5. HP: 13/47 MP: 4/4
  2494 | D:4      | Noticed Dowan
  2497 | D:4      | Noticed Duvessa
  2510 | D:4      | Killed Dowan
  2511 | D:4      | Reached skill level 5 in Polearms
  2511 | D:4      | Slain by Duvessa

Illustrated notes

Levels and vault maps discovered:
D:1:      psy_arrival_fountain, layout_rooms, ebering_ecumenical_altar_hall,
          hangedman_decor_push
D:2:      layout_basic, minmay_shallow_snake_nest
D:3:      layout_loops_ring, mainiacjoe_overflow_alcove_1,
          mainiacjoe_overflow_catwalk, serial_shops, shop_statue, shop,
          nrook_mini_backslash
D:4:      layout_cave_pods, minmay_temple_entry_overgrown, minmay_diced_spiral,
          uniq_duvessa

Skill      XL: |  1  2  3  4  5 |
---------------+----------------+-----
Armour         | 4 5 |  5.0
Fighting       | 4 |  4.9
Shields        | 4 |  4.4
Polearms       | 3 4 5 |  5.1
Dodging        | |  0.5

Action                   |  1- 3 |  4- 6 || total
-------------------------+-------+-------++-------
Melee: Trident           |    72 |    96 ||   168
       Headbutt          |     8 |    11 ||    19
  Use: Scroll            |     1 |     3 ||     4
       Potion            |       |     4 ||     4
Armor: Scale mail        |    15 |    34 ||    49
Dodge: Dodged            |    22 |    22 ||    44
Block: Buckler           |    12 |    36 ||    48
       Reflection        |       |     2 ||     2

Table legend: (Time is in decaauts)
 A = Elapsed time spent in this place.
 B = Non-inter-level travel time spent in this place.
 C = Inter-level travel time spent in this place.
 D = Time resting spent in this place.
 E = Time spent auto-exploring this place.
 F = Levels seen in this place.
 G = Mean time per level.
                   A        B        C        D        E       F      G
               +--------+--------+--------+--------+--------+-----+--------+
         Total |   2537 |   2492 |     45 |      0 |   1987 |   4 |  634.2 |
       Dungeon |   2537 |   2492 |     45 |      0 |   1987 |   4 |  634.2 |
               +--------+--------+--------+--------+--------+-----+--------+

Top non-repeatable levels by time:
     D:2: 886 daAuts
     D:3: 693 daAuts
     D:1: 605 daAuts
     D:4: 353 daAuts
